 Dungeon Crawl Stone Soup version 0.19-a0-1107-gc676ff4 (webtiles) character file.

421 FrancescoMac the Shield-Bearer (level 7, 0/55 HPs)
             Began as a Human Fighter on Aug 9, 2016.
             Succumbed to a kobold's poison
             ... in a sewer.
             The game lasted 00:07:56 (2441 turns).

FrancescoMac the Shield-Bearer (Human Fighter)      Turns: 2441, Time: 00:07:57

Health: 0/55       AC:  7    Str: 17    XL:     7   Next: 16%
Magic:  7/7        EV:  7    Int:  9    God:
Gold:   121        SH:  9    Dex: 13    Spells: 0 memorised, 6 levels left

rFire  . . .     SeeInvis .     a - +1 trident
rCold  . . .     Gourm    .     b - +0 scale mail
rNeg   . . .     Faith    .     c - +0 shield
rPois  .         Spirit   .     (no helmet)
rElec  .         Dismiss  .     (no cloak)
rCorr  .         Reflect  .     (no gloves)
SustAt .         Harm     .     (no boots)
MR     .....                    (no amulet)
Stlth  ..........               (no ring)
                                (no ring)

@: lethally poisoned (0 -> -7)
A: no striking features
a: no special abilities


You were in a sewer.
You were hungry.

You visited 1 branch of the dungeon, and saw 3 of its levels.
You also visited: Sewer.

You collected 121 gold pieces.

Inventory:

Hand Weapons
 a - a +1 trident (weapon)
 d - a +0 scythe
Armour
 b - a +0 scale mail (worn)
 c - a +0 shield (worn)
Scrolls
 j - a scroll of immolation
 k - a scroll of noise
 o - a scroll of remove curse
Potions
 e - a potion of invisibility {unknown}
 l - a potion of lignification {unknown}
 m - 2 potions of resistance
 p - a potion of curing {unknown}
Comestibles
 f - 3 bread rations
 g - 8 chunks of flesh
 i - a meat ration
 n - 6 fruits


   Skills:
 + Level 4.5 Fighting
 + Level 3.8 Polearms
 + Level 4.4 Armour
 + Level 4.6 Shields


You had 6 spell levels left.
You didn't know any spells.

Dungeon Overview and Level Annotations

Branches:
Dungeon (3/15)

Altars:
Ashenzari
Kikubaaqudgha
Qazlal
Uskayaw
Vehumet


Message History

You feel sick. You block the big kobold's attack.
The kobold splashes around in the water.
The kobold hits you with a blowgun.
* * * LOW HITPOINT WARNING * * *
The big kobold hits you but does no damage.
As you read the scroll labeled HUCEL HIRU, it crumbles to dust.
You hear a loud clanging noise!
It was a scroll of noise.
* * * LOW HITPOINT WARNING * * *
You feel sick.
You hear a shout!
You hear an angry hiss.
You hear a shout! x2
You hear an angry hiss. x2
The kobold hits you with a short sword.
* * * LOW HITPOINT WARNING * * *
You block the kobold's attack.
The big kobold hits you but does no damage.
As you read the scroll labeled ZUARUSKUINA, it crumbles to dust.
It is a scroll of enchant weapon.
Your +0 trident glows red for a moment.
You die...

≈≈≈ ≈≈≈ ###
### #!.#.!#
..... ##...##
≈≈ #.....#
≈≈≈
#.....#≈≈≈≈
##K###≈≈≈≈
##K@K≈≈≈≈≈≈
#...≈≈≈≈≈≈≈
#...≈≈≈≈≈≈≈≈
##....≈≈≈≈≈≈≈
#....≈≈≈≈≈≈≈≈
#.....≈≈≈≈≈≈≈
#....≈≈≈≈≈≈≈≈
##.....≈≈≈≈≈≈
#.....≈≈≈≈≈#


You could see a big kobold and 2 kobolds.

Vanquished Creatures
  Sigmund (D:2)
  A sky beast (D:3)
  Ijyb (D:2)
  5 adders
  A river rat (D:3)
  3 worms
  2 dart slugs
  2 giant geckos (D:1)
  3 giant cockroaches
  10 goblins
  8 hobgoblins
  5 jackals (D:3)
  7 kobolds
  A quokka (D:3)
  4 ball pythons
  3 bats
  5 giant newts
  15 rats
77 creatures vanquished.

Vanquished Creatures (others)
  A bat (D:3)
1 creature vanquished.

Grand Total: 78 creatures vanquished

Notes
Turn   | Place    | Note
-------+----------+-------------------------------------------
     0 | D:1      | FrancescoMac the Human Fighter began the quest for the Orb.
     0 | D:1      | Reached XP level 1. HP: 18/18 MP: 1/1
    39 | D:1      | Reached XP level 2. HP: 20/24 MP: 2/2
   466 | D:1      | Reached XP level 3. HP: 27/29 MP: 3/3
  1258 | D:2      | Noticed Sigmund
  1264 | D:2      | Killed Sigmund
  1264 | D:2      | Reached XP level 4. HP: 31/37 MP: 4/4
  1264 | D:2      | Reached XP level 5. HP: 36/42 MP: 5/5
  1264 | D:2      | Reached XP level 6. HP: 41/48 MP: 6/6
  1276 | D:2      | Found an ancient bone altar of Kikubaaqudgha.
  1335 | D:2      | Noticed Ijyb
  1349 | D:2      | Killed Ijyb
  1509 | D:2      | Found a stormy altar of Qazlal.
  2045 | D:3      | Found a radiant altar of Vehumet.
  2178 | D:3      | Noticed a sky beast
  2203 | D:3      | Killed a sky beast
  2203 | D:3      | Reached XP level 7. HP: 39/55 MP: 7/7
  2241 | D:3      | Found a hide-covered altar of Uskayaw.
  2276 | D:3      | Found a shattered altar of Ashenzari.
  2308 | D:3      | Found a glowing drain.
  2367 | Sewer    | Entered a sewer
  2440 | Sewer    | HP: 1/55 [kobold/short sword (4)]
  2441 | Sewer    | Succumbed to a kobold's poison

Vault maps used:
D:1:      erik_arrival_blinker_ship
D:2:      minmay_diamond_boxcup, kiku_gazebo_pond_becter,
          grunt_qazlal_sundering, first_bread, uniq_sigmund, uniq_iyjb
D:3:      gammafunk_temple_overflow_wave, eat_drink_and_be_merry_uskayaw,
          lemuel_round_altar, fiery_altar_vehumet, portal_sewer_entry_a
Sewer:    sewer_minmay_treatment

Skill      XL: |  1  2  3  4  5  6 |
---------------+-------------------+-----
Fighting       | 4 |  4.5
Polearms       | 3 |  3.8
Shields        | 4 |  4.6
Armour         | 4 |  4.4

Action                   |  1- 3 |  4- 6 |  7- 9 || total
-------------------------+-------+-------+-------++-------
Melee: Trident           |   125 |   115 |    73 ||   313
  Use: Scroll            |     2 |       |     3 ||     5
       Potion            |     1 |       |       ||     1
  Eat: Chunk             |     1 |     3 |     1 ||     5
Armor: Scale mail        |    50 |    50 |    43 ||   143
Dodge: Dodged            |    22 |    45 |    31 ||    98
Block: Shield            |    41 |    63 |    55 ||   159
